 Dungeon Crawl Stone Soup version 0.26-a0-958-gf3041fb45f (webtiles) character file.

Game seed: 2406680238314751689

230263 Gargoyl the Corrupter of Planes (level 19, -6/152 HPs)
             Began as a Gnoll Abyssal Knight on Dec 1, 2020.
             Was the Champion of Lugonu.
             Mangled by an orc warrior
             ... wielding a +0 war axe
             ... led by an orc knight
              (14 damage)
             ... on level 1 of the Vaults.
             The game lasted 01:07:36 (45727 turns).

Gargoyl the Corrupter of Planes (GnAK)             Turns: 45727, Time: 01:07:36

Health: -6/152     AC: 26    Str: 21    XL:     19   Next: 47%
Magic:  35/35      EV: 14    Int: 15    God:    Lugonu [******]
Gold:   4941       SH: 18    Dex: 18    Spells: 43/43 levels left

rFire    + + .     SeeInvis .   P - +9 hand axe (freeze)
rCold    + + .     Faith    .   H - +5 kite shield {reflect}
rNeg     . . .     Spirit   .   U - +2 gold dragon scales
rPois    +         Reflect  +   d - +2 helmet
rElec    +         Harm     .   M - +1 cloak of Starlight {rElec rC+ EV+4 Stlth--}
rCorr    +         Rampage  .   z - +2 pair of gloves
MR       +++..     Rnd*Rage +   V - +0 pair of boots of the Hidden Vale {rCorr}
Stlth    ..........             I - amulet of the acrobat
HPRegen  0.35/turn              e - +4 ring of slaying
MPRegen  0.24/turn              W - ring of protection from magic

@: no status effects
A: distributed training, fangs 1, camouflage 1, agile 1, berserk 1, deformed
body, fire resistance 1, magic resistance 1, electricity resistance, wild magic
1, strong nose
}: 1/15 runes: serpentine
a: Depart the Abyss, Bend Space, Banish, Corrupt, Enter the Abyss, Brand Weapon
With Distortion, Renounce Religion


You were on level 1 of the Vaults.
You worshipped Lugonu.
Lugonu was exalted by your worship.
You visited 5 branches of the dungeon, and saw 28 of its levels.
You visited the Abyss 2 times.
You also visited: Bailey.

You collected 6724 gold pieces.
You spent 1783 gold pieces at shops.

Inventory:

Hand Weapons
 C - a +4 flail of holy wrath
 E - a +1 scimitar of flaming
 O - the +7 captain's cutlass {speed, disarm}
   (You found it on level 9 of the Dungeon)

   Attacks with this weapon are significantly faster.
 P - a +9 hand axe of freezing (weapon)
 Z - a +1 broad axe
Missiles
 R - 46 poisoned darts (quivered)
Armour
 d - a +2 helmet (worn)
 z - a +2 pair of gloves (worn)
 H - a +5 kite shield of reflection (worn)
 M - the +1 cloak of Starlight (worn) {rElec rC+ EV+4 Stlth--}
   (You bought it in a shop on level 14 of the Dungeon)

   It affects your evasion (+4).
   It protects you from cold.
   It insulates you from electricity.
   It makes you much less stealthy.
 U - +2 gold dragon scales (worn)
 V - the +0 pair of boots of the Hidden Vale (worn) {rCorr}
   (You found it in a bailey)

   It provides partial protection from all sources of acid and corrosion.
 X - the cursed +0 buckler "Qonauviw" {Slay+3 SInv, unknown}
   (You found it on level 1 of the Snake Pit)

   It affects your accuracy and damage with ranged weapons and melee attacks
   (+3).
   It lets you see invisible.
   It has a curse placed upon it.
Jewellery
 a - an uncursed ring of magical power {unknown}
 e - a +4 ring of slaying (left hand)
 i - a +4 ring of evasion {unknown}
 l - an uncursed ring of protection from fire
 n - an uncursed ring of protection from fire
 s - an uncursed ring of magical power {unknown}
 x - a +6 ring of dexterity
 y - an uncursed ring of magical power {unknown}
 A - a +4 ring of evasion {unknown}
 I - an amulet of the acrobat (around neck)
 J - an uncursed ring of fire {unknown}
 S - a cursed ring of attention {unknown}
 W - a ring of protection from magic (right hand)
Wands
 b - a wand of digging (7)
 p - a wand of acid (17)
 r - a wand of random effects (13)
 F - a wand of paralysis (8)
 Q - a wand of enslavement (11)
Scrolls
 c - 14 scrolls of remove curse
 q - 2 scrolls of identify
 u - 6 scrolls of teleportation
 v - a scroll of random uselessness {unknown}
 B - a scroll of summoning
 K - 8 scrolls of fear
 L - 3 scrolls of blinking
 T - 5 scrolls of magic mapping
 Y - a scroll of holy word
Potions
 f - 5 potions of brilliance
 g - 3 potions of resistance
 h - 6 potions of ambrosia
 j - 3 potions of berserk rage
 k - 8 potions of curing
 m - 7 potions of haste
 o - 3 potions of flight
 t - 4 potions of cancellation
 w - a potion of mutation
 D - 5 potions of magic
 G - 4 potions of might
 N - 6 potions of heal wounds


   Skills:
 + Level 14.1 Fighting
 + Level 12.8 Short Blades
 + Level 12.8 Long Blades
 + Level 13.5 Axes
 + Level 12.8 Maces & Flails
 + Level 12.8 Polearms
 + Level 12.8 Staves
 + Level 12.8 Slings
 + Level 12.8 Bows
 + Level 12.8 Crossbows
 + Level 12.8 Throwing
 + Level 13.5 Armour
 + Level 13.0 Dodging
 + Level 12.8 Stealth
 + Level 12.8 Shields
 + Level 12.8 Unarmed Combat
 + Level 12.8 Spellcasting
 + Level 11.0 Conjurations
 + Level 11.0 Hexes
 + Level 11.0 Summonings
 + Level 11.0 Necromancy
 + Level 11.0 Translocations
 + Level 11.0 Transmutations
 + Level 11.0 Fire Magic
 + Level 11.0 Ice Magic
 + Level 11.0 Air Magic
 + Level 11.0 Earth Magic
 + Level 11.0 Poison Magic
 + Level 14.4 Invocations
 + Level 12.8 Evocations


You had 43 spell levels left.
You didn't know any spells.
Your spell library contained the following spells:

 Spells                   Type           Power        Failure   Level
 Animate Skeleton         Necr           ######       9%          1
 Apportation              Tloc           ######       9%          1
 Corona                   Hex            ######.      9%          1
 Magic Dart               Conj           ####         9%          1
 Pain                     Necr           ####         9%          1
 Sandblast                Erth           ######       9%          1
 Shock                    Conj/Air       ####         9%          1
 Summon Small Mammal      Summ           ####         9%          1
 Blink                    Tloc           N/A          13%         2
 Call Imp                 Summ           ######..     13%         2
 Passwall                 Tmut/Erth      ######..     13%         2
 Slow                     Hex            ######..     13%         2
 Swiftness                Air            ######..     13%         2
 Conjure Flame            Conj/Fire      ######..     24%         3
 Mephitic Cloud           Conj/Pois/Air  ######..     24%         3
 Static Discharge         Conj/Air       ######..     24%         3
 Stone Arrow              Conj/Erth      ######       24%         3
 Vampiric Draining        Necr           ######....   24%         3
 Airstrike                Air            ######....   58%         4
 Animate Dead             Necr           ######....   58%         4
 Petrify                  Tmut/Erth      ######..     58%         4
 Agony                    Necr           ######..     88%         5
 Bolt of Magma            Conj/Fire/Erth ######....   88%         5
 Irradiate                Conj/Tmut      ######....   88%         5
 Iskenderun's Battlesphe  Conj           ######..     88%         5
 Lee's Rapid Deconstruct  Erth           ######....   88%         5
 Lightning Bolt           Conj/Air       ######....   88%         5
 Hydra Form               Tmut           ######....   100%        6
 Iron Shot                Conj/Erth      ######....   100%        6
 Statue Form              Tmut/Erth      ######...    100%        6
 Dragon Form              Tmut           ######....   100%        7
 Orb of Destruction       Conj           ######....   100%        7
 Spellforged Servitor     Conj/Summ      ######....   100%        7


Dungeon Overview and Level Annotations

Branches:
Dungeon (15/15)            Temple (0/1) D:5            Lair (6/6) D:10
  Swamp (0/4) Lair:4        Snake (4/4) Lair:2        Slime (0/5) Lair:5
    Orc (2/2) D:11            Elf (0/3) Orc:2        Vaults (1/5) D:13
 Depths (0/5) D:15         Bailey (visited)

Altars:
Dithmenos
Gozag
Okawaru
Wu Jian
Yredelemnul
Jiyva

Shops:
D:5 ?   D:7 [*   D:8 (   D:12 ?   D:14 [   D:15 [   Orc:1 [   Orc:2 =}[*
Snake:1 **   Snake:3 (

Annotations:
D:14 exclusion: orange crystal statue
Snake:2 corrupted
Vaults:1 3 runed translucent doors, Qeott's ghost, adept GnCj


Innate Abilities, Weirdness & Mutations

Your experience applies equally to all skills.
You have very sharp teeth.
Your uncanny sense of smell can sniff out nearby items.
Your skin changes colour to match your surroundings (Stealth+).
You are agile. (Dex +2)
You tend to lose your temper in combat.
Armour fits poorly on your strangely shaped body.
Your flesh is heat resistant. (rF+)
You are resistant to hostile enchantments. (MR+)
You are resistant to electric shocks. (rElec)
Your spells are a little harder to cast, but a little more powerful.


Message History

You hit the ironbrand convoker but do no damage.
The yaktaur captain barely misses you.
You hit the vault warden. You freeze the vault warden.
You bite the vault warden, but do no damage.
The vault warden is moderately wounded.
You hit the yaktaur captain. You freeze the yaktaur captain.
You slash the two-headed ogre! You freeze the two-headed ogre.
You hit the two-headed ogre. You freeze the two-headed ogre.
You hit the orc warrior but do no damage.
You barely miss the ironbrand convoker.
The vault warden hits you with a +2 long sword of freezing!!
* * * LOW HITPOINT WARNING * * *
The vault warden freezes you.
* * * LOW HITPOINT WARNING * * *
The two-headed ogre hits you but does no damage.
You block the two-headed ogre's attack.
You block the ironbrand convoker's attack.
The two-headed ogre closely misses you. x2
The orc warrior hits you with a +0 war axe!
You die...

.# #..###...# #...... #####'#
##### #...... ......# #......
......# #...... ......# #......
......######################+####
'###'##........(...(.............
...#..#(.....(.o.p.[.(([(........
...#..#........O@p)..............
...#..#........Oc...............(
...#..#..........................
...#..#.....##########+#+########
...#..#).)).# #......# #.
...#..'(....# #......# #.
...#.(#...).# #......# #.
+####(#.....# #......# #.
cp....#.....# #......# #.


You could see a vault warden (strong), a yaktaur captain, 2 two-headed ogres, an
ironbrand convoker (catching breath) and an orc warrior.

Vanquished Creatures
  Roxanne (D:15)
  Kirke (D:14)
  Agnes (Snake:4)
  12 nagarajas
  Aizul (Snake:3)
  3 vault wardens (Vaults:1)
  4 ironheart preservers
  Nessos (D:15)
  A yaktaur captain (Vaults:1)
  A fire dragon (Lair:6)
  Josephine (Snake:1)
  Erolcha (D:12)
  11 vault guards
  4 hydras
  A catoblepas (D:14)
  16 naga warriors
  A boulder beetle (Vaults:1)
  3 centaur warriors
  8 ogre magi
  9 anacondas
  5 death yaks
  30 two-headed ogres
  A tengu warrior (D:12)
  A thrashing horror (Abyss:1)
  11 shock serpents
  A deep elf knight (D:15)
  11 naga sharpshooters
  A fire crab (shapeshifter) (Vaults:1)
  A hell knight (D:15)
  5 deep trolls
  A flayed ghost (Vaults:1)
  6 unseen horrors
  A bog body (Lair:4)
  A wizard (Vaults:1)
  Pikel (D:5)
  A lindwurm (Lair:6)
  13 naga ritualists
  A deep elf archer (Vaults:1)
  The ghost of qipq the Thaumaturge, a novice DEVM of Cheibriados (D:8)
  3 ironbrand convokers
  A wolf spider zombie (D:15)
  5 orc knights
  7 deep elf magi
  A manticore (shapeshifter) (D:15)
  13 mana vipers
  9 ugly things
  2 wolf spiders (Vaults:1)
  An orc sorcerer (Orc:1)
  8 cyclopes
  2 manticores (D:15)
  8 salamanders
  46 black mambas
  2 vault sentinels (Vaults:1)
  9 elephants
  2 guardian serpents
  The ghost of alpinistek the Chopper, a novice PaFi (D:5)
  3 centaur zombies
  31 naga magi
  2 molten gargoyles (Lair:6)
  3 gargoyles
  20 cane toads
  2 kobold demonologists
  An efreet (D:15)
  15 komodo dragons
  6 rime drakes
  A redback zombie (D:15)
  A freezing wraith (D:13)
  9 yaktaurs
  An ancient zyme (Abyss:1)
  11 trolls
  A troll (shapeshifter) (D:15)
  A polar bear (shapeshifter) (D:14)
  3 meliai (Lair:4)
  2 hornets
  3 polar bears
  A queen bee (Lair:4)
  Grinder (D:6)
  17 blink frogs
  17 slime creatures
  A wind drake (shapeshifter) (D:14)
  A snapping turtle (shapeshifter) (D:8)
  7 dream sheep (Lair:5)
  4 flying skulls (Abyss:1)
  A shadow (D:11)
  9 wraiths
  36 yaks
  A vampire (D:14)
  A tarantella (shapeshifter) (D:8)
  5 wyverns
  5 hogs (D:14)
  12 basilisks
  A hog (shapeshifter) (Vaults:1)
  A golden eye (shapeshifter) (D:8)
  A neqoxec (D:8)
  A steam dragon (Lair:6)
  3 swamp worms (Lair:4)
  14 vampire mosquitoes
  Edmund (D:6)
  2 wargs (Orc:1)
  A harpy simulacrum (D:15)
  45 nagas
  5 hell hounds (Lair:6)
  A naga (shapeshifter) (D:15)
  18 water moccasins
  2 acid dragons
  15 orc warriors
  4 small abominations (Abyss:1)
  A hornet zombie (D:15)
  8 ice beasts
  4 sky beasts
  A swamp drake (D:11)
  An eye of draining (shapeshifter) (D:8)
  20 wolves
  3 black bears
  4 centaurs
  A necrophage (D:11)
  30 ogres
  2 phantoms
  2 lemures (D:5)
  15 big kobolds
  Blork the orc (D:5)
  18 bullfrogs
  3 wyvern skeletons
  7 scorpions
  A troll zombie (D:10)
  26 killer bees
  A troll skeleton (D:10)
  40 wights
  8 howler monkeys
  2 electric eels
  A bullfrog zombie (D:11)
  8 lava snakes
  A crimson imp (D:11)
  3 quasits
  2 human zombies (D:10)
  A gnoll shaman (D:7)
  An iron imp (D:11)
  3 hounds
  3 jellies
  Crazy Yiuf (D:6)
  8 orc priests
  4 centaur skeletons
  Terence (D:3)
  A human skeleton (D:10)
  7 iguanas
  14 worker ants
  15 orc wizards
  A killer bee zombie (D:8)
  2 hound skeletons
  A mummy (D:10)
  4 worker ant zombies
  16 adders
  7 gnolls
  A howler monkey skeleton (D:5)
  2 shadow imps
  2 white imps
  3 ufetubi
  An ooze (D:5)
  An adder zombie (D:9)
  3 adder skeletons
  2 worms
  5 dart slugs
  5 leopard geckos
  78 orcs
  9 bats
  6 giant cockroaches
  13 goblins
  5 hobgoblins
  8 jackals
  4 quokkas
  5 frilled lizards
  27 kobolds
  A leopard gecko skeleton (D:4)
  A leopard gecko zombie (D:7)
  9 rats
1139 creatures vanquished.

Vanquished Creatures (others)
  Mara (Snake:2)
  3 naga magi
  A water moccasin (Lair:3)
  32 fungi
  39 plants
76 creatures vanquished.

Grand Total: 1215 creatures vanquished

Notes
Turn   | Place    | Note
-------+----------+-------------------------------------------
     0 | Abyss:1  | Gargoyl the Gnoll Abyssal Knight began the quest for the
                  | Orb.
     0 | Abyss:1  | Reached XP level 1. HP: 23/23 MP: 3/3
    52 | Abyss:1  | Noticed a demonic crawler
    57 | Abyss:1  | Noticed a starcursed mass
    59 | Abyss:1  | Noticed a small abomination
    60 | Abyss:1  | Gained mutation: You are partially covered in thin metallic
                  | scales. (AC +2) [potion of mutation]
    60 | Abyss:1  | Gained mutation: You are resistant to electric shocks.
                  | (rElec) [potion of mutation]
    60 | Abyss:1  | Gained mutation: You are robust. (+10% HP) [potion of
                  | mutation]
    60 | Abyss:1  | Gained mutation: You are agile. (Dex +2) [potion of
                  | mutation]
    61 | D:1      | Escaped the Abyss
   257 | D:1      | Reached XP level 2. HP: 31/31 MP: 5/5
   318 | D:1      | Reached * piety under Lugonu
   532 | D:1      | Reached XP level 3. HP: 37/38 MP: 6/6
   971 | D:2      | Reached skill level 1 in Short Blades
   971 | D:2      | Reached skill level 1 in Long Blades
   971 | D:2      | Reached skill level 1 in Maces & Flails
   971 | D:2      | Reached skill level 1 in Polearms
   971 | D:2      | Reached skill level 1 in Staves
   971 | D:2      | Reached skill level 1 in Slings
   971 | D:2      | Reached skill level 1 in Bows
   971 | D:2      | Reached skill level 1 in Crossbows
   971 | D:2      | Reached skill level 1 in Throwing
   971 | D:2      | Reached skill level 1 in Stealth
   971 | D:2      | Reached skill level 1 in Shields
   971 | D:2      | Reached skill level 1 in Unarmed Combat
   971 | D:2      | Reached skill level 1 in Spellcasting
   971 | D:2      | Reached skill level 1 in Evocations
  1048 | D:2      | Reached XP level 4. HP: 45/45 MP: 7/7
  1049 | D:2      | Reached ** piety under Lugonu
  1600 | D:3      | Found a faded altar of an unknown god.
  1609 | D:3      | Reached skill level 1 in Conjurations
  1609 | D:3      | Reached skill level 1 in Hexes
  1609 | D:3      | Reached skill level 1 in Summonings
  1609 | D:3      | Reached skill level 1 in Necromancy
  1609 | D:3      | Reached skill level 1 in Translocations
  1609 | D:3      | Reached skill level 1 in Transmutations
  1609 | D:3      | Reached skill level 1 in Fire Magic
  1609 | D:3      | Reached skill level 1 in Ice Magic
  1609 | D:3      | Reached skill level 1 in Air Magic
  1609 | D:3      | Reached skill level 1 in Earth Magic
  1609 | D:3      | Reached skill level 1 in Poison Magic
  1784 | D:3      | Noticed Terence
  1793 | D:3      | Killed Terence
  1794 | D:3      | Reached XP level 5. HP: 46/51 MP: 8/8
  2258 | D:4      | Reached skill level 5 in Invocations
  2258 | D:4      | Reached XP level 6. HP: 50/58 MP: 9/9
  2431 | D:4      | Noticed a phantom
  2441 | D:4      | Killed a phantom
  2442 | D:4      | Reached skill level 5 in Axes
  2442 | D:4      | Reached skill level 5 in Armour
  2667 | D:5      | Entered Level 5 of the Dungeon
  2733 | D:5      | Found a transporter.
  2745 | D:5      | Reached *** piety under Lugonu
  2746 | D:5      | Reached XP level 7. HP: 64/64 MP: 10/10
  2754 | D:5      | Noticed alpinistek's ghost (novice PaFi)
  2929 | D:5      | Found a transporter.
  2942 | D:5      | Found Osiongi's Magic Scroll Emporium.
  2946 | D:5      | Bought a scroll of teleportation for 42 gold pieces
  3009 | D:5      | Found a staircase to the Ecumenical Temple.
  3016 | D:5      | Noticed Blork the orc
  3023 | D:5      | Killed Blork the orc
  3110 | D:5      | Found an ornate altar of the Wu Jian Council.
  3365 | D:5      | Noticed Pikel
  3396 | D:5      | Killed Pikel
  3397 | D:5      | Reached XP level 8. HP: 50/73 MP: 12/12
  3589 | D:5      | Found an iron altar of Okawaru.
  3897 | D:5      | Killed alpinistek's ghost
  3898 | D:5      | Reached XP level 9. HP: 79/79 MP: 14/14
  3980 | D:6      | Noticed Grinder
  3996 | D:6      | Reached **** piety under Lugonu
  4010 | D:6      | Killed Grinder
  4116 | D:6      | Reached skill level 5 in Dodging
  4406 | D:6      | Found a runed translucent door.
  4407 | D:6      | Noticed Crazy Yiuf
  4721 | D:6      | Noticed Edmund
  4735 | D:6      | Killed Edmund
  4769 | D:6      | Found an opulent altar of Gozag.
  5185 | D:6      | Killed Crazy Yiuf
  5338 | D:7      | Got a vibrating marble ring
  5370 | D:6      | Identified the ring "Ajelog" {MR+ MP+9} (You found it on
                  | level 7 of the Dungeon)
  5496 | D:7      | Reached XP level 10. HP: 88/88 MP: 17/17
  5617 | D:7      | Reached ***** piety under Lugonu
  5625 | D:7      | Reached skill level 5 in Short Blades
  5625 | D:7      | Reached skill level 5 in Long Blades
  5625 | D:7      | Reached skill level 5 in Maces & Flails
  5625 | D:7      | Reached skill level 5 in Polearms
  5625 | D:7      | Reached skill level 5 in Staves
  5625 | D:7      | Reached skill level 5 in Slings
  5625 | D:7      | Reached skill level 5 in Bows
  5625 | D:7      | Reached skill level 5 in Crossbows
  5625 | D:7      | Reached skill level 5 in Throwing
  5625 | D:7      | Reached skill level 5 in Stealth
  5625 | D:7      | Reached skill level 5 in Shields
  5625 | D:7      | Reached skill level 5 in Unarmed Combat
  5625 | D:7      | Reached skill level 5 in Spellcasting
  5625 | D:7      | Reached skill level 5 in Evocations
  5763 | D:7      | Found Ulylav's Assorted Antiques.
  5766 | D:7      | Bought 2 potions of might for 208 gold pieces
  5766 | D:7      | Bought a scroll labelled LUCUL XAYLOIWU for 26 gold pieces
  5842 | D:7      | Found Neriamup's Armour Shop.
  6373 | D:8      | Found Esiuc's Antique Weapon Emporium.
  6384 | D:8      | Identified a scroll of acquirement
  6384 | D:8      | Acquired 1177 gold pieces
  6472 | D:5      | Bought a scroll of enchant weapon for 105 gold pieces
  6472 | D:5      | Bought a scroll of enchant armour for 105 gold pieces
  6472 | D:5      | Bought a scroll of fear for 49 gold pieces
  6567 | D:8      | Noticed a kobold demonologist
  6579 | D:8      | Killed a kobold demonologist
  6990 | D:8      | Found a runed translucent gate.
  6990 | D:8      | Found a runed translucent gate.
  6990 | D:8      | Found a runed translucent gate.
  6991 | D:8      | Noticed a cyan ugly thing
  6992 | D:8      | Noticed a white ugly thing
  6994 | D:8      | Noticed a red ugly thing
  6996 | D:8      | Noticed a purple ugly thing
  7169 | D:8      | Killed a cyan ugly thing
  7175 | D:8      | Killed a purple ugly thing
  7176 | D:8      | Reached XP level 11. HP: 78/95 MP: 19/19
  7182 | D:8      | Killed a white ugly thing
  7188 | D:8      | Killed a purple ugly thing
  7189 | D:8      | Reached skill level 5 in Conjurations
  7189 | D:8      | Reached skill level 5 in Hexes
  7189 | D:8      | Reached skill level 5 in Summonings
  7189 | D:8      | Reached skill level 5 in Necromancy
  7189 | D:8      | Reached skill level 5 in Translocations
  7189 | D:8      | Reached skill level 5 in Transmutations
  7189 | D:8      | Reached skill level 5 in Fire Magic
  7189 | D:8      | Reached skill level 5 in Ice Magic
  7189 | D:8      | Reached skill level 5 in Air Magic
  7189 | D:8      | Reached skill level 5 in Earth Magic
  7189 | D:8      | Reached skill level 5 in Poison Magic
  7245 | D:8      | Found a runed translucent gate.
  7245 | D:8      | Found a runed translucent gate.
  7247 | D:8      | Noticed a shock serpent
  7249 | D:8      | Noticed qipq's ghost (novice DEVM)
  7251 | D:8      | Found a runed translucent gate.
  7254 | D:8      | Noticed a lindwurm
  7254 | D:8      | a shock serpent changed into a lindwurm
  7257 | D:8      | Noticed a death drake
  7257 | D:8      | a torpor snail changed into a death drake
  7262 | D:8      | a death drake changed into a tarantella
  7262 | D:8      | Gained mutation: You tend to lose your temper in combat. [a
                  | neqoxec]
  7269 | D:8      | a lindwurm changed into a snapping turtle
  7273 | D:8      | HP: 2/97 [snapping turtle (shapeshifter) (18)]
  7289 | D:8      | Killed qipq's ghost
  7580 | D:8      | Gained mutation: Armour fits poorly on your strangely
                  | shaped body. [mutagenic glow]
  7953 | D:9      | Acquired 687 gold pieces
  8398 | D:9      | Found the +7 captain's cutlass {speed, disarm}
  8452 | D:10     | Entered Level 10 of the Dungeon
  8482 | D:10     | Found a staircase to the Lair.
  8806 | D:10     | Reached ****** piety under Lugonu
  8841 | D:10     | Found a basalt altar of Yredelemnul.
  9532 | D:11     | Noticed a deep elf mage
  9537 | D:11     | Killed a deep elf mage
  9549 | D:11     | Noticed a deep elf mage
  9554 | D:11     | Killed a deep elf mage
 10003 | D:11     | Killed an unseen horror
 10004 | D:11     | Reached XP level 12. HP: 75/105 MP: 22/22
 10299 | D:11     | Got a transparent whip
 10322 | D:11     | Identified the +8 whip of Cuugiv {vamp, *Noise rF+ Dex+4}
                  | (You found it on level 11 of the Dungeon)
 10629 | D:11     | Found a staircase to the Orcish Mines.
 10861 | Lair:1   | Entered Level 1 of the Lair of Beasts
 11278 | Lair:1   | Noticed a four-headed hydra
 11408 | D:10     | Banished a four-headed hydra
 12466 | Lair:2   | Noticed a seven-headed hydra
 12468 | Lair:2   | Banished a seven-headed hydra
 12528 | Lair:2   | Noticed a death yak
 12529 | Lair:2   | Noticed a death yak
 12529 | Lair:2   | Noticed a death yak
 12529 | Lair:2   | Noticed a death yak
 12529 | Lair:2   | Noticed a death yak
 12586 | Lair:1   | Killed a death yak
 12587 | Lair:1   | Reached skill level 10 in Fighting
 12695 | Lair:1   | Killed a death yak
 12839 | Lair:1   | Killed a death yak
 13382 | Lair:1   | Killed a death yak
 13420 | Lair:2   | Killed a death yak
 13421 | Lair:2   | Reached XP level 13. HP: 99/113 MP: 24/24
 13789 | Lair:2   | Found a staircase to the Snake Pit.
 14670 | Lair:3   | Reached skill level 10 in Invocations
 16878 | Lair:4   | Found a staircase to the Swamp.
 17228 | Lair:4   | Reached XP level 14. HP: 103/122 MP: 26/26
 17459 | Lair:4   | Reached skill level 10 in Axes
 17459 | Lair:4   | Reached skill level 10 in Armour
 17761 | Lair:5   | Found a viscous altar of Jiyva.
 17761 | Lair:5   | Found a staircase to the Slime Pits.
 18682 | Lair:5   | Acquired 747 gold pieces
 19233 | Lair:6   | Entered Level 6 of the Lair of Beasts
 20287 | Lair:6   | Acquired 926 gold pieces
 20467 | Lair:6   | Found a large runed translucent door.
 20468 | Lair:6   | Found a large runed translucent door.
 21914 | D:11     | Reached skill level 10 in Dodging
 21930 | D:12     | Noticed Erolcha
 21935 | D:12     | Killed Erolcha
 22157 | D:12     | Reached XP level 15. HP: 129/130 MP: 28/28
 22579 | D:12     | Found Suptatru's Magic Scroll Emporium.
 22588 | D:12     | Bought a scroll of enchant weapon for 90 gold pieces
 22588 | D:12     | Bought 2 scrolls of enchant armour for 180 gold pieces
 23608 | D:12     | Reached skill level 10 in Short Blades
 23608 | D:12     | Reached skill level 10 in Long Blades
 23608 | D:12     | Reached skill level 10 in Maces & Flails
 23608 | D:12     | Reached skill level 10 in Polearms
 23608 | D:12     | Reached skill level 10 in Staves
 23608 | D:12     | Reached skill level 10 in Slings
 23608 | D:12     | Reached skill level 10 in Bows
 23608 | D:12     | Reached skill level 10 in Crossbows
 23608 | D:12     | Reached skill level 10 in Throwing
 23608 | D:12     | Reached skill level 10 in Stealth
 23608 | D:12     | Reached skill level 10 in Shields
 23608 | D:12     | Reached skill level 10 in Unarmed Combat
 23608 | D:12     | Reached skill level 10 in Spellcasting
 23608 | D:12     | Reached skill level 10 in Evocations
 24371 | D:13     | Found a gate to the Vaults.
 24718 | D:14     | Found a flagged portal.
 24734 | Bailey   | Entered a bailey
 25043 | Bailey   | Got a pair of faintly glowing boots
 25423 | D:14     | Identified the +0 pair of boots of the Hidden Vale {rCorr}
                  | (You found it in a bailey)
 25805 | D:14     | Noticed Kirke
 26081 | D:14     | Found a shadowy altar of Dithmenos.
 26731 | D:14     | Found Fiuseoq's Armour Shop.
 26739 | D:14     | Bought the +1 cloak of Starlight {rElec rC+ EV+4 Stlth--}
                  | for 578 gold pieces
 26739 | D:14     | Found the +1 cloak of Starlight {rElec rC+ EV+4 Stlth--}
 27042 | D:14     | Killed Kirke
 27227 | D:15     | Entered Level 15 of the Dungeon
 27242 | D:15     | Lost mutation: Armour fits poorly on your strangely shaped
                  | body. [potion of mutation]
 27242 | D:15     | Lost mutation: You are robust. (+10% HP) [potion of
                  | mutation]
 27242 | D:15     | Lost mutation: You are partially covered in thin metallic
                  | scales. (AC +2) [potion of mutation]
 27242 | D:15     | Gained mutation: Your flesh is heat resistant. (rF+)
                  | [potion of mutation]
 27242 | D:15     | Gained mutation: You are dopey. (Int -2) [potion of
                  | mutation]
 27242 | D:15     | Gained mutation: You can translocate small distances at
                  | will. [potion of mutation]
 27334 | D:15     | Found Boph's Antique Armour Shop.
 27356 | D:15     | Noticed Roxanne
 27382 | D:15     | Killed Roxanne
 27557 | D:15     | Reached XP level 16. HP: 127/127 MP: 30/30
 28574 | D:15     | Found a staircase to the Depths.
 28927 | D:15     | Noticed Nessos
 28940 | D:15     | Killed Nessos
 29230 | Orc:1    | Entered Level 1 of the Orcish Mines
 29355 | Orc:2    | Entered Level 2 of the Orcish Mines
 29355 | Orc:2    | Found Oczil's Jewellery Boutique.
 29355 | Orc:2    | Found Sufibruf's General Store.
 29355 | Orc:2    | Found Nugial's Armour Shop.
 30355 | Orc:2    | Found Vuelie's Gadget Shop.
 30609 | Orc:1    | Found Badexoexu's Antique Armour Emporium.
 30744 | Orc:2    | Found a staircase to the Elven Halls.
 30795 | Orc:2    | Bought an uncursed ring of protection from magic for 400
                  | gold pieces
 31344 | Lair:2   | Lost mutation: You are dopey. (Int -2) [potion of mutation]
 31344 | Lair:2   | Lost mutation: You can translocate small distances at will.
                  | [potion of mutation]
 31344 | Lair:2   | Gained mutation: Armour fits poorly on your strangely
                  | shaped body. [potion of mutation]
 31344 | Lair:2   | Gained mutation: Your spells are a little harder to cast,
                  | but a little more powerful. [potion of mutation]
 31344 | Lair:2   | Gained mutation: You are resistant to hostile enchantments.
                  | (MR+) [potion of mutation]
 31344 | Lair:2   | Gained mutation: Your skin changes colour to match your
                  | surroundings (Stealth+). [potion of mutation]
 31364 | Snake:1  | Entered Level 1 of the Snake Pit
 31501 | Snake:1  | Got a heavily runed pewter amulet
 31512 | Snake:1  | Found Tuuc Nou's Assorted Antiques.
 31512 | Snake:1  | Found Kios's General Store.
 31528 | Snake:1  | Noticed Josephine
 31530 | Snake:1  | Got a spiked buckler
 31546 | Snake:1  | Killed Josephine
 31984 | Snake:1  | Reached XP level 17. HP: 90/135 MP: 32/32
 33980 | Snake:2  | Identified the amulet of Keekoishruth {Inacc Dex+2} (You
                  | found it on level 1 of the Snake Pit)
 34342 | Snake:3  | Noticed Mara
 34517 | Snake:3  | Noticed Gargoyl's illusion
 34521 | Snake:2  | Noticed Gargoyl's illusion
 34530 | Snake:2  | Corrupted Snake:2
 34540 | Snake:2  | Killed Mara
 36006 | Snake:3  | Found Buqoeqos's Weapon Emporium.
 36372 | Snake:3  | Reached skill level 10 in Conjurations
 36372 | Snake:3  | Reached skill level 10 in Hexes
 36372 | Snake:3  | Reached skill level 10 in Summonings
 36372 | Snake:3  | Reached skill level 10 in Necromancy
 36372 | Snake:3  | Reached skill level 10 in Translocations
 36372 | Snake:3  | Reached skill level 10 in Transmutations
 36372 | Snake:3  | Reached skill level 10 in Fire Magic
 36372 | Snake:3  | Reached skill level 10 in Ice Magic
 36372 | Snake:3  | Reached skill level 10 in Air Magic
 36372 | Snake:3  | Reached skill level 10 in Earth Magic
 36372 | Snake:3  | Reached skill level 10 in Poison Magic
 36790 | Abyss:1  | Noticed a lich
 36791 | Snake:3  | Escaped the Abyss
 37336 | Snake:3  | Found the +5 robe of Night {Dark MR+ SInv}
 37352 | Snake:3  | Reached XP level 18. HP: 116/143 MP: 33/33
 37605 | Snake:3  | Got a fading falchion
 37606 | Snake:3  | Identified the +3 falchion "Xyududu" {venom, Int+6} (You
                  | found it on level 3 of the Snake Pit)
 37720 | Snake:4  | Entered Level 4 of the Snake Pit
 38811 | Snake:4  | Noticed Aizul
 38968 | Snake:3  | Killed Aizul
 42353 | Snake:4  | Noticed Agnes
 42363 | Snake:4  | Killed Agnes
 42870 | Snake:4  | Got a serpentine rune of Zot
 43493 | Vaults:1 | Entered Level 1 of the Vaults
 43688 | Vaults:1 | Reached XP level 19. HP: 151/151 MP: 35/35
 45449 | Vaults:1 | Found a runed translucent gate.
 45450 | Vaults:1 | Found a runed translucent gate.
 45452 | Vaults:1 | Found a runed translucent gate.
 45478 | Vaults:1 | Noticed Qeott's ghost (adept GnCj)
 45727 | Vaults:1 | Mangled by an orc warrior

Illustrated notes

Levels and vault maps discovered:
D:1:      minmay_arrival_four_houses, layout_loops_ring
D:2:      layout_loops_ring
D:3:      layout_loops_ring, chequers_ecumenical_altar_island, uniq_terence
D:4:      layout_rooms
D:5:      layout_basic, lemuel_doored_altar, minmay_temple_entry_mini_moons,
          gammafunk_ghost_stat_death, serial_shops, shop, st_stairs_4,
          minmay_misc_feat_enclosed, okawaru_gym_becter, uniq_pikel,
          uniq_blork_the_orc
D:6:      old_forge, layout_basic, kennysheep_little_box, uniq_grinder,
          uniq_edmund, uniq_crazy_yiuf_cottage
D:7:      layout_cave_pools, serial_shops, shop, kennysheep_mini_moat
D:8:      layout_cave_pools, ploomutoo_gammafunk_ghost_potion_laboratory,
          serial_shops, shop, special_room [special_room_kobold]
D:9:      layout_basic
D:10:     layout_long_grid, lair_entry_dummy, lemuel_mausoleum_altar_yredelemnul
D:11:     layout_basic, david_orc_2, hangedman_minor_magic
D:12:     layout_roguey, serial_shops, shop, serial_corexii_hall,
          corexii_hall_statues_s, chequers_hall_statues_wall_a,
          corexii_hall_statues_l, corexii_hall_statues_x, uniq_erolcha
D:13:     layout_roguey, erik_vaults_2, drop_trap, small_statue_alley_a,
          st_stairs_10
D:14:     lemuel_flame_loot_2, layout_irregular_city, serial_shops, shop,
          grunt_dithmenos_smoke, enter_bailey_7, disabler_island, uniq_kirke
D:15:     hangedman_depths_entry_civil_slaughter, layout_basic, serial_shops,
          shop, uniq_nessos, uniq_roxanne
Lair:1:   layout_cave_pods, st_stairs_11, grunt_megastairs_2
Lair:2:   layout_small_grid, minmay_snake_entry_guardpost_small
Lair:3:   layout_cave_pods, nicolae_quartered_pool_little,
          grunt_forest_small_clearings
Lair:4:   layout_roguey [special_room_bee], nicolae_swamp_entry_splash_gauntlet,
          minmay_holes
Lair:5:   wander_river, layout_cave_pods, slime_altar_1,
          portal_ice_cave_entry_pillars_1, serial_bayou_lagoon_a, st_stairs_4
Lair:6:   cheibrodos_lair_end_hotspot, layout_regular_city, lemuel_fruit_tree,
          serial_bayou_shore_b
Snake:1:  layout_misc_corridors, grunt_ministairs_6, serial_bayou_shore_b,
          minmay_shoptagon, serial_bayou_shore_b, grunt_megastairs_4,
          uniq_josephine
Snake:2:  layout_grid_maze, statue_in_the_mist_lemuel
Snake:3:  kennysheep_snake, layout_misc_corridors, serial_shops, shop_statue,
          nicolae_snake_salamander_stairs, uniq_mara
Snake:4:  snake_pit, layout_cave_town, drop_trap, uniq_agnes, uniq_aizul
Orc:1:    layout_caves, serial_shops, shop, lightli_church_of_beogh
Orc:2:    st_orc_open, layout_caves, mines2_lemuel
Vaults:1: gammafunk_vaults_ghost_spectres, grunt_vaults_focal,
          ontoclasm_vaults_shuriken, v_rooms_6, dpeg_vaults_monster_box,
          ontoclasm_vaults_ring_large, v_misc_17,
          nicolae_vaults_little_squares_6, nicolae_vaults_network_s,
          nicolae_vaults_little_squares_2, ontoclasm_vaults_ligature,
          vaults_room_door_ring, grunt_vaults_funnel, vaults_dpeg_encased_lava,
          vaults_room_grunt_arrival_ludios, layout_vaults_ring

Skill      XL: |  1  2  3  4  5  6  7  8  9 10 11 12 13 14 15 16 17 18 19 |
---------------+----------------------------------------------------------+-----
Short Blades   | 1 2 3 4 5 6 7 8 9 10 11 12 | 12.8
Long Blades    | 1 2 3 4 5 6 7 8 9 10 11 12 | 12.8
Maces & Flails | 1 2 3 4 5 6 7 8 9 10 11 12 | 12.8
Polearms       | 1 2 3 4 5 6 7 8 9 10 11 12 | 12.8
Staves         | 1 2 3 4 5 6 7 8 9 10 11 12 | 12.8
Slings         | 1 2 3 4 5 6 7 8 9 10 11 12 | 12.8
Bows           | 1 2 3 4 5 6 7 8 9 10 11 12 | 12.8
Crossbows      | 1 2 3 4 5 6 7 8 9 10 11 12 | 12.8
Throwing       | 1 2 3 4 5 6 7 8 9 10 11 12 | 12.8
Stealth        | 1 2 3 4 5 6 7 8 9 10 11 12 | 12.8
Shields        | 1 2 3 4 5 6 7 8 9 10 11 12 | 12.8
Unarmed Combat | 1 2 3 4 5 6 7 8 9 10 11 12 | 12.8
Spellcasting   | 1 2 3 4 5 6 7 8 9 10 11 12 | 12.8
Evocations     | 1 2 3 4 5 6 7 8 9 10 11 12 | 12.8
Conjurations   | 1 2 3 4 5 6 7 8 9 10 11 | 11.0
Hexes          | 1 2 3 4 5 6 7 8 9 10 11 | 11.0
Summonings     | 1 2 3 4 5 6 7 8 9 10 11 | 11.0
Necromancy     | 1 2 3 4 5 6 7 8 9 10 11 | 11.0
Translocations | 1 2 3 4 5 6 7 8 9 10 11 | 11.0
Transmutations | 1 2 3 4 5 6 7 8 9 10 11 | 11.0
Fire Magic     | 1 2 3 4 5 6 7 8 9 10 11 | 11.0
Ice Magic      | 1 2 3 4 5 6 7 8 9 10 11 | 11.0
Air Magic      | 1 2 3 4 5 6 7 8 9 10 11 | 11.0
Earth Magic    | 1 2 3 4 5 6 7 8 9 10 11 | 11.0
Poison Magic   | 1 2 3 4 5 6 7 8 9 10 11 | 11.0
Dodging        | 3 4 5 6 7 8 9 10 11 12 13 | 13.0
Invocations    | 5 6 7 8 9 10 11 12 13 14 | 14.4
Axes           | 5 6 7 8 9 10 11 12 13 | 13.5
Armour         | 5 6 7 8 9 10 11 12 13 | 13.5
Fighting       | 7 8 9 10 11 12 13 14 | 14.1

Action                   |  1- 3 |  4- 6 |  7- 9 | 10-12 | 13-15 | 16-18 | 19-21 || total
-------------------------+-------+-------+-------+-------+-------+-------+-------++-------
Melee: Hand axe          |    80 |   130 |   316 |   327 |   739 |   637 |    65 ||  2294
       Bite              |     5 |    19 |    42 |   133 |   252 |   290 |    58 ||   799
       Punch             |       |     2 |     2 |       |       |       |       ||     4
       Cutlass           |       |       |       |   446 |   606 |  1063 |   232 ||  2347
       Unarmed           |       |       |       |       |     5 |       |       ||     5
       Scimitar          |       |       |       |       |       |    25 |       ||    25
Throw: Javelin           |       |       |       |     4 |       |       |       ||     4
       Dart              |       |       |       |       |     7 |     4 |     2 ||    13
Invok: Depart the Abyss  |     1 |       |       |       |       |     1 |       ||     2
       Banish            |       |       |       |     5 |    10 |     1 |       ||    16
       Bend Space        |       |       |       |       |     4 |     2 |       ||     6
       Corrupt           |       |       |       |       |       |     1 |       ||     1
       Enter the Abyss   |       |       |       |       |       |     1 |       ||     1
Evoke: Wand              |       |       |       |       |     3 |       |       ||     3
  Use: Scroll            |     5 |     5 |     9 |     8 |    26 |     4 |       ||    57
       Potion            |     1 |       |     4 |     6 |     6 |     1 |       ||    18
 Stab: Sleeping          |       |       |       |       |     3 |       |       ||     3
Armor: Leather armour    |     7 |       |       |       |       |       |       ||     7
       Chain mail        |    34 |    73 |   174 |   120 |   307 |       |       ||   708
       Scale mail        |     9 |       |       |       |       |       |       ||     9
       Plate armour      |       |       |       |   212 |       |       |       ||   212
       Gold dragon scale |       |       |       |       |   124 |   500 |    47 ||   671
       Crystal plate arm |       |       |       |       |    10 |       |       ||    10
Dodge: Dodged            |    36 |    59 |   128 |   210 |   554 |   611 |   112 ||  1710
Block: Buckler           |       |       |    81 |   375 |   242 |       |       ||   698
       Other             |       |       |     4 |       |       |       |       ||     4
       Reflection        |       |       |       |     8 |    32 |   120 |    26 ||   186
       Kite shield       |       |       |       |       |   635 |  1370 |   200 ||  2205
       Rpst.: Scimitar   |       |       |       |       |       |     3 |       ||     3

Table legend: (Time is in decaauts)
 A = Elapsed time spent in this place.
 B = Non-inter-level travel time spent in this place.
 C = Inter-level travel time spent in this place.
 D = Time resting spent in this place.
 E = Time spent auto-exploring this place.
 F = Levels seen in this place.
 G = Mean time per level.
                   A        B        C        D        E       F      G
               +--------+--------+--------+--------+--------+-----+--------+
         Total |  44634 |  42907 |   1727 |  13125 |  20391 |  31 | 1439.8 |
       Dungeon |  19439 |  18530 |    909 |   4939 |   9025 |  15 | 1295.9 |
          Lair |  10448 |  10008 |    440 |   1590 |   6486 |   6 | 1741.3 |
     Snake Pit |  11382 |  11057 |    325 |   6133 |   3173 |   4 | 2845.5 |
  Orcish Mines |   1423 |   1372 |     51 |    378 |    697 |   2 |  711.5 |
        Vaults |   1357 |   1357 |      0 |     84 |    745 |   1 | 1357.0 |
         Abyss |    293 |    293 |      0 |      0 |    205 |   2 |  146.5 |
        Bailey |    289 |    289 |      0 |      0 |     57 |   1 |  289.0 |
               +--------+--------+--------+--------+--------+-----+--------+

Top non-repeatable levels by time:
 Snake:3: 4861 daAuts
 Snake:4: 2829 daAuts
  Lair:6: 2229 daAuts
    D:14: 2207 daAuts
    D:11: 2095 daAuts
    D:13: 1996 daAuts
 Snake:2: 1908 daAuts
  Lair:5: 1866 daAuts
  Lair:4: 1839 daAuts
    D:15: 1795 daAuts
 Snake:1: 1783 daAuts
  Lair:2: 1634 daAuts
    D:10: 1543 daAuts
  Lair:1: 1488 daAuts
     D:6: 1419 daAuts
